 Dungeon Crawl Stone Soup version 0.18-a0-1284-g43455fe (webtiles) character file.

6 RedPan the Vexing (level 1, -1/13 HPs)
             Began as a Vampire Enchanter on Feb 8, 2016.
             Slain by a kobold (3 damage)
             ... on level 1 of the Dungeon.
             The game lasted 00:00:43 (80 turns).

RedPan the Vexing (Vampire Enchanter)                 Turns: 80, Time: 00:00:43

Health: -1/13      AC:  3    Str:  7    XL:     1   Next: 75%
Magic:  3/3        EV: 12    Int: 17    God:
Gold:   0          SH:  0    Dex: 14    Spells: 1 memorised, 3 levels left

rFire  . . .     SeeInvis +     a - +1 dagger
rCold  . . .     Gourm    .     b - +1 robe
rNeg   + . .     Faith    .     (no shield)
rPois  .         Spirit   .     (no helmet)
rElec  .         Dismiss  .     (no cloak)
rCorr  .         Reflect  .     (no gloves)
SustAt .         Harm     .     (no boots)
MR     .....                    (no amulet)
Stlth  +++.......               (no ring)
                                (no ring)

@: not resistant to hostile enchantments, fairly stealthy
A: fangs 3, see invisible, unbreathing
a: no special abilities


You were on level 1 of the Dungeon.
You were not thirsty.

You visited 1 branch of the dungeon, and saw 1 of its levels.

Inventory:

Hand Weapons
 a - a +1 dagger (weapon)
Armour
 b - a +1 robe (worn)
Scrolls
 f - a scroll of identify {unknown}
Potions
 d - a potion of blood
 e - a potion of haste {unknown}
Books
 c - a book of Maledictions

   Spells                             Type                      Level
   a - Corona                         Hexes                        1
   b - Ensorcelled Hibernation        Hexes/Ice                    2
   c - Confuse                        Hexes                        3
   d - Tukima's Dance                 Hexes                        3
   e - Dazzling Spray                 Conjuration/Hexes            3


   Skills:
 - Level 1.1 Short Blades
 - Level 2.1 Dodging
 + Level 4.7 Stealth
 - Level 2.0 Spellcasting
 + Level 4.8 Hexes


You had 3 spell levels left.
You knew the following spells:

 Your Spells              Type           Power        Failure   Level  Hunger
a - Corona                Hex            ###....      2%          1    #......


Dungeon Overview and Level Annotations

Branches:
Dungeon (1/15)

Altars:


Innate Abilities, Weirdness & Mutations

You have razor-sharp teeth.
You have supernaturally acute eyesight.
You can survive without breathing.


Message History

The bat hits you.
* * * LOW HITPOINT WARNING * * *
The bat hits you but does no damage.
The bat closely misses you. x2; The bat hits you but does no damage.
The bat barely misses you. The bat hits you but does no damage.
The bat hits you but does no damage. The bat barely misses you.
The bat misses you.
There is an open door here.
The bat barely misses you.
You are too injured to fight recklessly!
You are too injured to fight recklessly!
You are too injured to fight recklessly!
You hit the bat.
You kill the bat!
You hit the hobgoblin.
You kill the hobgoblin!
You are too injured to fight recklessly!
You closely miss the kobold. The kobold hits you.
You die...

........... #. #............
.......#..# #. #...)....#.
).....##.## ###.
#...........$ ......##.##
#... #........#.#.
..#.......#
#...####...........
>.#...##..#
#...#...........#.#
#.........#
#..............#..#
..........#
#.##K##....#.......
..........#
##.@.##...#.......
....##.)..#
##.....##..#......
..........###.#...#.##.......
..........##.8.8.8.8.##...
..........#...........#...
.......#..'.....[.....+ ..
.......#..#...........#
.......#>.##.8.8.8.8.##
.......##.###.#...#.##


You could see a kobold.

Vanquished Creatures
  A goblin (D:1)
  2 hobgoblins (D:1)
  2 bats (D:1)
5 creatures vanquished.

Vanquished Creatures (others)
  A ghoul (D:1)
  A minotaur (D:1)
  2 octopodes (D:1)
  A gargoyle (D:1)
  A vine stalker (D:1)
  An elf (D:1)
  A troll (D:1)
  A formicid (D:1)
  A naga (D:1)
  A dwarf (D:1)
  A kobold (D:1)
  5 tentacles (D:1)
  7 tentacle segments (D:1)
24 creatures vanquished.

Grand Total: 29 creatures vanquished

Notes
Turn   | Place    | Note
--------------------------------------------------------------
     0 | D:1      | RedPan the Vampire Enchanter began the quest for the Orb.
     0 | D:1      | Reached XP level 1. HP: 13/13 MP: 3/3
     0 | D:1      | Noticed a minotaur
     0 | D:1      | Noticed a ghoul
     0 | D:1      | Noticed an octopode
     0 | D:1      | Noticed a troll
     0 | D:1      | Noticed an octopode
     0 | D:1      | Noticed a kraken
     0 | D:1      | Noticed a dwarf
     0 | D:1      | Noticed an elf
     0 | D:1      | Noticed a gargoyle
     0 | D:1      | Noticed a vine stalker
     0 | D:1      | Noticed a formicid
     0 | D:1      | Noticed a naga
     2 | D:1      | Killed a dwarf
     3 | D:1      | Killed an elf
     9 | D:1      | Killed a naga
    10 | D:1      | Killed a formicid
    11 | D:1      | Killed an octopode
    11 | D:1      | Killed a vine stalker
    12 | D:1      | Killed a gargoyle
    12 | D:1      | Killed an octopode
    14 | D:1      | Killed a minotaur
    16 | D:1      | Killed a troll
    17 | D:1      | Killed a ghoul
    80 | D:1      | Slain by a kobold

Vault maps used:
D:1:      nicolae_arrival_kraken_aquarium_a, st_stairs_11, dk_noncrumbling_3

Action                   || total
-------------------------++-------
Melee: Dagger            ||    17
 Stab: Sleeping          ||     1
